 Dungeon Crawl Stone Soup version 0.27-a0-412-g8dd771eca2 (webtiles) character file.

Game seed: 6214744653170515371

171 Ankhboy the Bolt Thrower (level 5, -4/34 HPs)
             Began as a Halfling Hunter on Feb 24, 2021.
             Slain by an ice beast (13 damage)
             ... on level 5 of the Dungeon.
             The game lasted 00:26:13 (1816 turns).

Ankhboy the Bolt Thrower (Halfling Hunter)          Turns: 1816, Time: 00:26:13

Health: -4/34      AC:  5    Str: 13    XL:     5   Next: 81%
Magic:  5/5        EV: 12    Int:  9    God:
Gold:   70         SH:  8    Dex: 16    Spells: 4/4 levels left

rFire    . . .     SeeInvis .   A - +0 rapier
rCold    . . .     Faith    .   m - +0 kite shield
rNeg     . . .     Spirit   .   c - +0 leather armour
rPois    .         Reflect  .   v - +1 helmet
rElec    .         Harm     .   (no cloak)
rCorr    .         Rampage  .   (no gloves)
Will     .....                  (no boots)
Stlth    ++........             (no amulet)
HPRegen  0.11/turn              (no ring)
MPRegen  0.09/turn              (no ring)

@: no status effects
A: small, mutation resistance 1
a: no special abilities


You were on level 5 of the Dungeon.
You visited 1 branch of the dungeon, and saw 5 of its levels.

You collected 70 gold pieces.

Inventory:

Hand Weapons
 a - a +1 hand crossbow
 b - a +0 short sword
 j - a +0 hunting sling
 x - a +0 dagger of freezing
 A - a +0 rapier (weapon)
Missiles
 d - 24 bolts
 e - 45 stones
 l - 2 poisoned darts (quivered)
 y - 7 atropa-tipped darts
Armour
 c - a +0 leather armour (worn)
 m - a +0 kite shield (worn)
 v - a +1 helmet (worn)
 B - a +1 helmet
Scrolls
 f - a scroll of teleportation
 h - a scroll of enchant weapon {unknown}
 o - 2 scrolls of blinking {unknown}
 p - 2 scrolls of magic mapping
 q - 2 scrolls of fear {unknown}
 r - a scroll of enchant armour {unknown}
 w - a scroll of amnesia {unknown}
Potions
 g - a potion of might {unknown}
 k - a potion of resistance {unknown}
 n - a potion of lignification {unknown}
 s - a potion of flight {unknown}
 t - a potion of degeneration {unknown}
 u - a potion of cancellation {unknown}
 z - a potion of curing {unknown}


   Skills:
 + Level 2.3 Fighting
 + Level 1.3 Short Blades
 + Level 5.6 Crossbows
 + Level 0.4 Throwing
 + Level 2.1 Armour
 + Level 2.7 Dodging
 + Level 1.7 Stealth
 + Level 1.1 Shields


You had 4 spell levels left.
You didn't know any spells.
Your spell library was empty.

Dungeon Overview and Level Annotations

Branches:
Dungeon (5/15)
 Temple: D:4-7

Altars:
Ashenzari

Shops:
D:5 ?


Innate Abilities, Weirdness & Mutations

You are small and have problems with some larger weapons.
You are somewhat resistant to further mutation.


Message History

The ufetubus is moderately wounded.
The ufetubus hits you. x2
The ufetubus hits you but does no damage.
The ufetubus hits you.
Throw: 5 darts (poison)
Press: ? - help, Q - select action, (/) - cycle Shift-Dir - straight line, f/p - ufetubus
Aim: an ufetubus (moderately wounded, 42% to hit)
You throw a poisoned dart. The poisoned dart hits the ufetubus.
The ufetubus is moderately wounded.
The ufetubus hits you but does no damage.
The ufetubus hits you. The ufetubus barely misses you.
The ufetubus closely misses you.
Throw: 4 darts (poison)
Press: ? - help, Q - select action, (/) - cycle Shift-Dir - straight line, f/p - ufetubus
Aim: an ufetubus (moderately wounded, 42% to hit)
You throw a poisoned dart.
The poisoned dart barely misses the ufetubus.
The ufetubus hits you. x2
Throw: 3 darts (poison)
Press: ? - help, Q - select action, (/) - cycle Shift-Dir - straight line, f/p - ufetubus
Aim: an ufetubus (moderately wounded, 40% to hit)
You throw a poisoned dart. The poisoned dart misses the ufetubus.
The ufetubus misses you. The ufetubus hits you.
* * * LOW HITPOINT WARNING * * *
You block the ufetubus's attack. x2
As you read the scroll of teleportation, it crumbles to dust.
You feel strangely unstable. You block the ufetubus's attack.
The ufetubus hits you.
* * * LOW HITPOINT WARNING * * *
The ufetubus closely misses you. The ufetubus barely misses you.
You block the ufetubus's attack. The ufetubus closely misses you.
Your surroundings suddenly seem different.
Found Picweuck's Magic Scroll Emporium.
Found a stone staircase leading up.
There is an entrance to Picweuck's Magic Scroll Emporium here.
An ice beast comes into view.
There is a stone staircase leading up here.
The ice beast hits you.
* * * LOW HITPOINT WARNING * * *
The ice beast freezes you!
You die...

## ###. #..
.# #Y# #..
###@## #...
#....####..#
#.........##.
#..∩.........
#...........#
#...........#
#...........#
#....########
######


You could see an ice beast.

Vanquished Creatures
  A howler monkey (D:5)
  A worker ant (D:5)
  4 adders
  An ufetubus (D:5)
  An ooze (D:1)
  A leopard gecko (D:2)
  3 orcs
  5 giant cockroaches
  6 hobgoblins
  2 jackals (D:1)
  5 kobolds
  2 quokkas
  A ball python (D:2)
  7 bats
  5 frilled lizards
  11 goblins
  A quokka zombie (D:3)
  6 rats
63 creatures vanquished.

Notes
Turn   | Place    | Note
-------+----------+-------------------------------------------
     0 | D:1      | Ankhboy the Halfling Hunter began the quest for the Orb.
     0 | D:1      | Reached XP level 1. HP: 14/14 MP: 1/1
   167 | D:1      | Reached XP level 2. HP: 19/19 MP: 2/2
   330 | D:1      | Reached skill level 5 in Crossbows
   330 | D:1      | Reached XP level 3. HP: 12/24 MP: 3/3
   737 | D:2      | Found a broken altar of Ashenzari.
   761 | D:2      | Reached XP level 4. HP: 16/29 MP: 4/4
   996 | D:2      | Reached skill level 1 in Armour
  1133 | D:2      | Reached skill level 1 in Short Blades
  1288 | D:3      | Reached XP level 5. HP: 17/34 MP: 5/5
  1305 | D:3      | HP: 1/34 [orc priest/divine providence (15)]
  1770 | D:5      | Entered Level 5 of the Dungeon
  1789 | D:5      | Reached skill level 1 in Shields
  1810 | D:5      | Found Picweuck's Magic Scroll Emporium.
  1814 | D:5      | Noticed an ice beast
  1816 | D:5      | Slain by an ice beast

Illustrated notes

Levels and vault maps discovered:
D:1:      minmay_arrival_diagonal_passages, layout_basic,
          minmay_misc_feat_nine_boxes, minmay_indecisive_spiral
D:2:      layout_loops_ring, nicolae_overflow_crystal_walls
D:3:      layout_rooms, kennysheep_big_empty_room
D:4:      minmay_angry_zag, layout_cave_pools, temple_statues, serial_shops,
          shop, uniq_ijyb
D:5:      layout_rooms, serial_shops, shop, amcnicky_mini_rare_corridor_liquid,
          uniq_edmund

Skill      XL: |  1  2  3  4  5 |
---------------+----------------+-----
Crossbows      | 5 |  5.6
Fighting       | 2 |  2.3
Armour         | 1 2 |  2.1
Short Blades   | 1 |  1.3
Shields        | 1 |  1.1
Throwing       | |  0.4
Dodging        | |  2.7
Stealth        | |  1.7

Action                   |  1- 3 |  4- 6 || total
-------------------------+-------+-------++-------
Melee: Short sword       |    59 |     6 ||    65
       Rapier            |       |    44 ||    44
       Dagger            |       |     6 ||     6
 Fire: Hand crossbow     |    36 |    26 ||    62
Throw: Dart              |       |    14 ||    14
  Use: Potion            |     1 |     1 ||     2
       Scroll            |       |     5 ||     5
 Stab: Sleeping          |     2 |     1 ||     3
Armor: Leather armour    |     9 |    21 ||    30
Dodge: Dodged            |    33 |    49 ||    82
Block: Kite shield       |    13 |    27 ||    40

Table legend: (Time is in decaauts)
 A = Elapsed time spent in this place.
 B = Non-inter-level travel time spent in this place.
 C = Inter-level travel time spent in this place.
 D = Time resting spent in this place.
 E = Time spent auto-exploring this place.
 F = Levels seen in this place.
 G = Mean time per level.
                   A        B        C        D        E       F      G
               +--------+--------+--------+--------+--------+-----+--------+
         Total |   1869 |   1869 |      0 |    212 |      0 |   5 |  373.8 |
       Dungeon |   1869 |   1869 |      0 |    212 |      0 |   5 |  373.8 |
               +--------+--------+--------+--------+--------+-----+--------+

Top non-repeatable levels by time:
     D:2: 955 daAuts
     D:1: 625 daAuts
     D:3: 227 daAuts
     D:5: 57 daAuts
     D:4: 3 daAuts
